Map: Cañón atribulado

Players

BRODI

  • Race: Protoss Protoss
  • League: Gold
  • Spawn Location: 12:00

Zwariorr

  • Race: Terran Terran
  • Spawn Location: 12:00

Porschejon

  • Race: Protoss Protoss
  • Spawn Location: 3:00

MrFercho - Winner!

  • Race: Zerg Zerg
  • League: Silver
  • Spawn Location: 6:00

tigro - Winner!

  • Race: Terran Terran
  • League: Bronze
  • Spawn Location: 6:00

TATORREA - Winner!

  • Race: Protoss Protoss
  • League: Gold
  • Spawn Location: 7:00

VOD

Have the link to the VOD?

Description

Time

  • Played on: July 2, 2020, 11:16 p.m.
  • Length: 12:32
Show
View Real Time Build Order
Export as new Build Order

BRODI Protoss 

Build Orders:  

Get SALT Encoding   

  12  0:01  Probe  
  13  0:13  Probe  
  14  0:19  Pylon  
  14  0:25  Probe  
  15  0:37  Probe  
  15  0:41  Gateway  
  16  0:46  Assimilator  
  16  0:49  Probe  
  17  1:01  Probe  
  18  1:04  Pylon  
  18  1:13  Probe  
  19  1:31  Cybernetics Core  
  19  1:35  Gateway  
  19  1:39  Zealot  
  21  1:47  Assimilator  
  21  1:48  Probe  
  22  2:01  Probe  
  22  2:02  Stalker, Pylon  
  23  2:15  Zealot  
  25  2:20  Probe  
  26  2:28  Stalker, Pylon  
  28  2:30  Warp Gate  
  30  2:57  Pylon  
  30  3:02  Probe  
  31  3:23  Nexus  
  31  3:30  Zealot  
  31  3:32  Stalker  
  35  3:57  Forge  
  35  4:00  Protoss Ground Weapons Level 1  
  35  4:24  Zealot  
  35  4:25  Zealot  
  39  4:37  Probe x2  
  41  4:47  Robotics Facility  
  41  4:48  Gateway  
  41  4:51  Gateway  
  41  4:52  Gateway  
  41  4:53  Probe  
  42  5:02  Zealot  
  44  5:19  Assimilator  
  44  5:24  Assimilator  
  44  5:25  Probe x2  
  46  5:32  Stalker  
  46  5:33  Stalker  
  46  5:34  Observer  
  51  5:59  Pylon  
  51  6:00  Protoss Ground Armor Level 1  
  51  6:03  Pylon  
  51  6:06  Warp Prism  
  53  6:16  Stalker x2  
  57  6:19  Probe x2  
  59  7:01  Stalker x4  
  61  7:02  Stalker  
  69  7:23  Probe  
  69  7:24  Probe  
  71  7:37  Pylon  
  71  7:40  Probe x2  
  71  7:41  Pylon  
  73  7:45  Pylon  
  73  7:54  Probe  
  73  7:55  Probe  
  75  8:08  Probe x2  
  77  8:21  Pylon  
  77  8:27  Pylon  
  77  8:31  Pylon  
  77  8:38  Pylon  
  77  8:42  Pylon  
  77  8:46  Gateway, Probe x2  
  77  8:47  Gateway  
  79  8:49  Gateway  
  79  8:52  Gateway  
  79  8:58  Nexus  
  79  9:14  Stalker x3  
  79  9:15  Stalker x2  
  89  9:48  Twilight Council, Probe x2  
  91  10:00  Probe x2  
  93  10:14  Stalker  
  93  10:15  Stalker x4  
  93  10:16  Stalker x4  
  77  10:41  Stalker x4  
  77  10:42  Stalker x3  
  91  10:43  Stalker x2  
  69  11:08  Stalker x2  
  69  11:09  Stalker x3  
  77  11:58  Stalker  
  77  11:59  Stalker x6  
  77  12:00  Stalker x2  
Show
View Real Time Build Order
Export as new Build Order

Zwariorr Terran 

Build Orders: 1/1/1 

Get SALT Encoding   

  12  0:01  SCV  
  13  0:13  SCV  
  14  0:21  Supply Depot  
  14  0:25  SCV  
  15  0:36  Refinery  
  15  0:42  SCV  
  16  0:48  Barracks  
  16  0:54  SCV  
  17  1:04  Refinery  
  17  1:06  SCV  
  18  1:18  SCV  
  19  1:31  SCV  
  20  1:34  Supply Depot  
  20  1:39  Factory  
  20  1:43  SCV  
  21  1:49  Marine  
  22  1:58  SCV  
  23  2:09  Marine  
  23  2:10  SCV  
  25  2:25  Starport  
  25  2:26  Factory Tech Lab  
  25  2:31  Marine  
  25  2:33  Starport  
  26  2:38  Supply Depot  
  26  2:41  SCV  
  27  2:53  SCV  
  27  2:56  Siege Tank  
  31  3:04  Starport Tech Lab  
  31  3:15  Starport Tech Lab  
  31  3:24  Fusion Core  
  31  3:25  Orbital Command  
  31  3:42  Siege Tank  
  34  4:01  Command Center  
  34  4:02  SCV  
  35  4:40  Engineering Bay  
  35  4:41  Supply Depot, SCV  
  42  5:07  Battlecruiser  
  42  5:21  Supply Depot  
  42  5:32  Battlecruiser  
  48  5:40  Command Center  
  48  6:02  Starport  
  48  6:04  SCV  
  48  6:06  Supply Depot  
  49  6:16  SCV  
  49  6:17  Starport  
  50  6:31  Refinery  
  50  6:38  Refinery  
  50  6:53  Supply Depot  
  50  6:57  SCV  
  51  7:09  SCV  
  51  7:12  SCV  
  51  7:14  Refinery  
  53  7:21  SCV  
  54  7:24  SCV  
  54  7:25  Siege Tank  
  58  7:33  SCV  
  58  7:34  Refinery  
  58  7:36  SCV  
  60  7:44  Command Center  
  60  7:46  SCV  
  60  7:48  SCV  
  62  7:52  Supply Depot  
  62  7:57  Starport  
  62  7:58  Starport Tech Lab  
  62  8:00  SCV  
  62  8:05  SCV  
  64  8:08  SCV  
  65  8:12  SCV  
  65  8:17  Supply Depot, SCV  
  67  8:20  SCV, Starport Tech Lab  
  67  8:25  SCV  
  69  8:29  Starport, SCV  
  69  8:32  SCV  
  71  8:37  SCV  
  72  8:41  SCV  
  72  8:43  Armory  
  72  8:46  Armory, Orbital Command  
  73  8:49  SCV  
  73  8:53  SCV  
  75  9:01  SCV  
  76  9:06  SCV, Refinery  
  77  9:10  Starport Tech Lab  
  77  9:13  SCV  
  78  9:18  SCV  
  78  9:21  Supply Depot  
  79  9:25  SCV  
  79  9:27  Refinery  
  79  9:30  SCV  
  81  9:37  SCV  
  82  9:38  SCV  
  82  9:42  SCV  
  84  9:46  Missile Turret  
  84  9:49  SCV  
  84  9:50  SCV  
  86  9:54  SCV  
  86  9:55  Starport Tech Lab  
  86  9:58  Starport  
  87  10:01  SCV  
  87  10:02  Battlecruiser x2  
  87  10:03  SCV  
  87  10:06  Supply Depot  
  87  10:07  SCV  
  102  10:13  SCV  
  103  10:15  SCV  
  103  10:19  SCV  
  105  10:26  SCV  
  105  10:27  SCV  
  107  10:31  SCV  
  102  10:38  SCV  
  97  10:45  Battlecruiser x4  
  97  10:48  Starport Tech Lab  
  121  10:55  Missile Turret  
  120  11:10  Battlecruiser  
  120  11:11  Battlecruiser  
  132  11:12  Battlecruiser  
  138  11:37  Missile Turret  
  138  11:41  Supply Depot  
  138  11:47  Planetary Fortress  
  138  11:49  Planetary Fortress  
Show
View Real Time Build Order
Export as new Build Order

Porschejon Protoss 

Build Orders:  

Get SALT Encoding   

  12  0:01  Probe  
  14  0:20  Pylon  
  13  0:22  Probe  
  13  0:23  Assimilator  
  14  0:32  Probe  
  14  0:42  Probe  
  15  0:46  Gateway  
  16  0:58  Probe  
  17  1:07  Probe  
  17  1:10  Assimilator  
  18  1:16  Probe  
  19  1:28  Probe  
  20  1:33  Cybernetics Core  
  20  1:55  Pylon  
  20  2:08  Probe  
  21  2:19  Gateway  
  21  2:20  Probe  
  22  2:27  Warp Gate, Pylon  
  22  2:32  Forge  
  22  2:45  Robotics Facility  
  22  2:49  Stalker  
  24  2:59  Twilight Council  
  24  3:09  Photon Cannon  
  24  3:14  Photon Cannon  
  24  3:27  Stargate  
  24  3:35  Probe  
  25  3:43  Probe  
  25  3:44  Observer  
  27  4:05  Observer  
  28  4:24  Nexus  
  28  4:27  Assimilator  
  28  4:31  Assimilator, Probe  
  29  4:40  Oracle  
  29  4:43  Probe  
  33  4:55  Probe  
  33  4:59  Stargate  
  34  5:03  Pylon  
  34  5:07  Probe  
  34  5:10  Pylon  
  35  5:19  Probe  
  36  5:28  Void Ray  
  36  5:36  Observer  
  41  5:48  Probe  
  41  5:51  Probe  
  41  5:56  Probe  
  43  5:59  Stalker  
  43  6:03  Probe  
  47  6:05  Stalker  
  47  6:06  Probe  
  50  6:15  Void Ray, Probe  
  50  6:18  Probe  
  56  6:28  Probe  
  57  7:14  Void Ray  
  57  7:15  Void Ray  
  57  7:22  Pylon  
  57  7:25  Pylon  
  57  7:27  Pylon  
  57  7:29  Pylon  
  65  7:32  Pylon  
  65  7:57  Void Ray  
  66  8:06  Photon Cannon  
  66  8:08  Photon Cannon  
  66  8:11  Photon Cannon  
  66  8:13  Photon Cannon  
  66  8:16  Photon Cannon  
  66  8:21  Photon Cannon  
  66  8:23  Photon Cannon  
  66  8:27  Shield Battery  
  66  8:28  Shield Battery  
  66  8:30  Shield Battery  
  66  8:32  Void Ray  
  70  8:35  Nexus  
  70  8:38  Assimilator  
  70  8:40  Void Ray  
  74  8:43  Assimilator  
  74  9:01  Pylon  
  74  9:05  Fleet Beacon  
  74  9:15  Cybernetics Core  
  74  9:24  Stargate  
  74  9:26  Stargate  
  43  10:39  Void Ray x2  
  47  10:43  Zealot x2  
  50  10:55  Pylon  
  50  10:57  Pylon x2  
  46  10:59  Pylon  
  46  11:12  Pylon  
  46  11:18  Photon Cannon  
  45  11:19  Photon Cannon  
  45  11:20  Photon Cannon  
  45  11:21  Photon Cannon  
  45  11:22  Photon Cannon  
  45  11:25  Photon Cannon x2  
  51  11:28  Photon Cannon  
Show
View Real Time Build Order
Export as new Build Order

MrFercho Zerg - Winner!

Build Orders: Hatch First, Lurkers 

Get SALT Encoding   

  12  0:01  Drone  
  13  0:11  Drone  
  14  0:18  Overlord  
  14  0:24  Extractor  
  14  0:26  Drone  
  15  0:36  Drone x2  
  17  0:48  Drone  
  18  1:01  Hatchery, Drone  
  18  1:15  Spawning Pool  
  17  1:23  Drone  
  17  1:24  Drone  
  19  1:31  Drone  
  20  1:44  Drone  
  21  1:47  Extractor  
  21  1:49  Overlord  
  20  1:56  Extractor  
  20  1:59  Drone  
  20  2:02  Queen  
  22  2:16  Zergling x4  
  24  2:26  Drone x2  
  26  2:33  Drone  
  27  2:44  Lair  
  27  2:48  Drone  
  27  2:49  Drone x2  
  27  2:51  Queen  
  32  2:53  Drone  
  33  3:04  Metabolic Boost  
  33  3:06  Drone x2  
  33  3:11  Drone  
  36  3:13  Overlord x3  
  36  3:31  Queen  
  38  3:38  Drone  
  39  3:44  Hatchery  
  39  3:45  Drone  
  39  3:47  Drone x3  
  42  4:00  Extractor, Drone x3  
  44  4:12  Hydralisk Den  
  43  4:23  Drone x8  
  51  4:40  Extractor  
  51  4:41  Muscular Augments  
  50  4:50  Drone x7  
  57  5:08  Drone x8  
  65  5:14  Nydus Network  
  64  5:26  Lurker Den, Drone x3  
  64  5:27  Overlord x2  
  64  5:28  Overlord, Infestation Pit  
  65  5:38  Overlord  
  65  5:39  Overlord x2  
  65  5:44  Extractor  
  65  5:46  Extractor  
  63  5:53  Grooved Spines  
  63  6:04  Evolution Chamber  
  63  6:06  Drone x3  
  63  6:07  Drone x3, Evolution Chamber  
  63  6:08  Drone  
  68  6:16  Drone  
  68  6:17  Drone x9  
  78  6:18  Drone  
  78  6:19  Drone  
  80  6:45  Hatchery, Hydralisk x4  
  80  6:46  Hydralisk x8  
  101  6:53  Zerg Ground Armor Level 1, Zerg Missile Weapons Level 1  
  103  6:59  Hive  
  103  7:05  Overlord x3  
  103  7:09  Overseer  
  103  7:24  Hydralisk x9  
  121  7:42  Overseer  
  121  7:46  Spore Crawler  
  121  7:48  Spore Crawler  
  119  7:51  Spore Crawler  
  119  7:53  Spore Crawler  
  119  7:57  Spore Crawler  
  117  8:05  Lurker x2  
  117  8:06  Lurker x5  
  123  8:18  Hydralisk x5  
  133  8:31  Zergling x2  
  133  8:32  Zergling x16  
  142  8:37  Drone  
  143  8:53  Drone  
  143  8:54  Overlord  
  143  8:55  Overlord x2  
  144  8:56  Extractor  
  144  8:57  Extractor  
  142  9:12  Nydus Canal  
  142  9:22  Hydralisk x10  
  162  9:45  Hydralisk  
  162  9:46  Hydralisk x2  
  162  9:48  Overlord  
  162  9:49  Overlord x4  
  168  10:02  Seismic Spines  
  120  10:40  Hydralisk  
  120  10:41  Hydralisk x11  
  132  10:59  Adaptive Talons  
  120  11:04  Hydralisk x5  
  120  11:05  Hydralisk  
  128  11:25  Hatchery, Hydralisk x10  
  128  11:28  Hatchery  
  146  11:58  Hydralisk x3  
  146  11:59  Hydralisk x12  
Show
View Real Time Build Order
Export as new Build Order

tigro Terran - Winner!

Build Orders:  

Get SALT Encoding   

  12  0:03  SCV  
  13  0:15  SCV  
  14  0:22  Supply Depot  
  14  0:27  SCV  
  15  0:36  Refinery  
  15  0:44  SCV  
  16  0:51  Barracks  
  16  0:56  SCV  
  17  1:04  Refinery  
  17  1:08  SCV  
  18  1:20  SCV  
  18  1:22  Supply Depot  
  19  1:32  SCV  
  20  1:46  Marine  
  21  1:53  Barracks  
  21  1:56  SCV  
  22  2:04  Marine  
  23  2:08  SCV  
  24  2:19  Engineering Bay  
  24  2:20  SCV  
  24  2:22  Marine  
  26  2:34  Orbital Command  
  26  2:40  Marine  
  26  2:42  Barracks Reactor  
  27  2:53  Factory  
  27  2:58  Marine  
  28  3:06  Terran Infantry Weapons Level 1  
  28  3:24  Barracks Tech Lab  
  28  3:39  Factory Tech Lab  
  28  3:51  Combat Shield  
  28  3:54  Command Center  
  28  4:03  Siege Tank  
  31  4:11  Marine x3  
  34  4:29  Marine x3  
  34  4:31  Starport  
  37  5:01  Terran Infantry Armor Level 1  
  37  5:08  Refinery  
  37  5:09  Medivac  
  37  5:10  Stimpack  
  39  5:16  Starport  
  39  5:25  SCV  
  40  5:37  SCV  
  41  5:42  Starport Tech Lab  
  41  5:49  SCV  
  42  5:57  Missile Turret  
  42  6:01  SCV  
  43  6:14  SCV  
  44  6:21  Missile Turret  
  44  6:25  Supply Depot  
  44  6:26  SCV  
  44  6:27  Starport Tech Lab  
  45  6:38  SCV  
  45  6:39  Refinery  
  46  6:48  Missile Turret  
  46  6:50  Supply Depot, SCV  
  47  6:55  Hi-Sec Auto Tracking  
  47  7:15  Missile Turret  
  47  7:16  Fusion Core  
  47  7:30  Medivac  
  47  7:31  Marine x3  
  50  7:37  Missile Turret  
  45  7:49  Marine x3  
  45  8:03  SCV  
  45  8:05  Armory  
  46  8:06  Marine  
  46  8:07  Marine x2  
  49  8:13  Weapon Refit  
  49  8:16  SCV  
  50  8:24  Marine x2  
  50  8:25  Marine  
  53  8:28  SCV  
  54  8:40  SCV  
  55  8:42  Marine  
  55  8:47  Neosteel Armor  
  56  8:50  Battlecruiser  
  56  8:52  SCV  
  63  9:04  SCV  
  64  9:16  SCV  
  65  9:24  Missile Turret  
  65  9:28  SCV  
  66  9:40  SCV  
  66  9:45  Missile Turret  
  67  9:50  Marine x2  
  67  9:51  Marine  
  67  9:52  SCV  
  71  9:53  Rapid Reignition System  
  71  9:54  Battlecruiser  
  77  10:04  SCV  
  78  10:08  Missile Turret  
  78  10:20  Marine, Battlecruiser, SCV  
  86  10:29  Missile Turret  
  86  11:17  Marine  
  86  11:23  Marine  
  86  11:27  Marine  
  86  12:20  SCV  
Show
View Real Time Build Order
Export as new Build Order

TATORREA Protoss - Winner!

Build Orders:  

Get SALT Encoding   

  12  0:02  Probe  
  13  0:14  Probe  
  14  0:22  Pylon  
  14  0:26  Probe  
  15  0:40  Probe  
  15  0:41  Gateway  
  16  0:52  Probe  
  17  1:01  Probe  
  17  1:02  Assimilator  
  18  1:06  Pylon  
  18  1:09  Probe  
  19  1:31  Probe  
  20  1:49  Cybernetics Core  
  20  1:54  Probe  
  21  1:55  Nexus  
  21  2:08  Assimilator  
  21  2:16  Probe  
  22  2:24  Probe  
  22  2:26  Gateway  
  22  2:27  Gateway  
  23  2:32  Warp Gate  
  23  2:34  Probe  
  23  2:35  Stalker  
  26  2:45  Probe  
  27  3:01  Robotics Facility  
  27  3:04  Probe  
  28  3:07  Probe  
  28  3:09  Stalker  
  31  3:17  Stalker  
  33  3:20  Probe  
  33  3:21  Probe  
  33  3:25  Zealot  
  37  3:32  Probe  
  37  3:33  Probe  
  39  3:47  Sentry  
  41  3:50  Stalker  
  41  3:53  Probe x2  
  45  4:06  Nexus  
  45  4:10  Pylon  
  45  4:14  Pylon  
  45  4:21  Probe  
  45  4:22  Pylon  
  46  4:28  Probe  
  46  4:29  Observer  
  48  4:33  Probe  
  49  4:39  Assimilator  
  49  4:41  Probe  
  49  4:43  Assimilator  
  49  4:45  Probe  
  51  4:49  Pylon  
  51  4:52  Pylon  
  51  4:53  Probe  
  51  4:56  Immortal  
  51  4:58  Probe  
  57  5:03  Probe  
  57  5:06  Probe  
  58  5:11  Probe  
  59  5:14  Probe  
  59  5:19  Probe  
  62  5:23  Probe  
  62  5:24  Probe  
  64  5:31  Probe  
  65  5:35  Probe  
  65  5:39  Gateway  
  65  5:41  Gateway  
  70  5:43  Immortal  
  70  5:44  Gateway  
  70  5:55  Probe x3  
  73  6:09  Nexus  
  73  6:10  Probe x3  
  76  6:12  Pylon  
  76  6:14  Pylon  
  76  6:27  Forge  
  76  6:28  Forge  
  76  6:33  Forge  
  76  6:34  Probe x2, Protoss Ground Weapons Level 1  
  76  6:35  Protoss Ground Armor Level 1, Probe  
  76  6:36  Twilight Council, Protoss Shields Level 1  
  76  6:39  Pylon  
  79  6:42  Assimilator, Pylon  
  79  6:46  Assimilator  
  79  7:01  Probe x2  
  79  7:02  Probe  
  81  7:12  Immortal  
  83  7:16  Stalker x2  
  83  7:17  Stalker x3  
  83  7:18  Stalker  
  91  7:27  Probe x3  
  91  7:28  Probe  
  91  7:29  Blink  
  95  7:51  Pylon  
  95  8:05  Pylon  
  95  8:10  Probe x2  
  95  8:11  Probe x2  
  99  8:13  Photon Cannon  
  99  8:16  Stalker x2, Photon Cannon  
  99  8:17  Stalker x4  
  111  8:21  Immortal  
  111  8:22  Photon Cannon  
  115  8:32  Photon Cannon  
  115  8:35  Photon Cannon  
  115  8:37  Shield Battery  
  115  8:38  Photon Cannon  
  115  8:39  Shield Battery  
  115  8:54  Photon Cannon  
  115  8:57  Photon Cannon, Shield Battery, Protoss Ground Weapons Level 2  
  115  8:58  Protoss Ground Armor Level 2  
  115  9:01  Photon Cannon x2  
  115  9:03  Protoss Shields Level 2  
  115  9:05  Stalker x2, Photon Cannon  
  115  9:06  Stalker x2  
  115  9:07  Photon Cannon  
  115  9:09  Stalker  
  125  9:11  Stalker  
  127  9:40  Stalker x4  
  127  9:42  Sentry  
  127  9:43  Sentry  
  139  9:47  Assimilator  
  139  9:49  Assimilator  
  87  10:41  Stalker x4  
  87  10:42  Stalker x2  
  97  10:53  Gateway  
  97  10:56  Gateway  
  97  10:57  Gateway  
  97  11:00  Gateway  
  97  11:02  Gateway  
  97  11:05  Gateway  
  97  11:06  Templar Archives  
  97  11:07  Stalker x2  
  97  11:08  Stalker x4, Gateway  
  103  12:03  Stalker x4  
  103  12:04  Stalker x5  
  103  12:05  Stalker x3  
  121  12:19  Probe  
  121  12:20  Probe x3  
  125  12:25  Stalker  
Tags
 
Add a new tag
Caveats
  • Supply blocks, unpowered buildings, or Contaminate may cause inaccurate times.
  • Supply counts are checked every 10 seconds.